Egbert, chaotic male elven Wizard ------ .h@..| ----.--- |...-- |....-- ---..>-- -...-- . --- -^..--.| --.--- -.....| |.[..--.--..*..| |...........<..- --.|.--..----... --- --.- - Egbert the Conjurer Experience level: 4 Strength: 11 Dexterity: 13 Constitution: 15 Intelligence: 19 Wisdom: 11 Charisma: 9 Health: 0(33) Energy: 25(37) Def: 3 Gold: 307 Moves: 1434 Dungeon seed: EturYdGcM9maJ3f7 Game ID: Egbert_1616063903 Your Inventory: Coins $ - 307 gold pieces Weapons a - a blessed +1 quarterstaff (weapon in hands) p - 9 +0 darts (in quiver) x - a +0 dagger y - 5 +0 arrows z - a blessed +0 bow Armor e - a blessed +2 cloak of magic resistance (being worn) n - an uncursed +0 Hawaiian shirt Comestibles o - 2 uncursed food rations r - an uncursed tripe ration Scrolls i - 2 uncursed scrolls of identify t - a cursed scroll of identify Spellbooks k - a blessed spellbook of force bolt l - an uncursed spellbook of knock Potions f - an uncursed potion of sickness g - an uncursed potion of sleeping h - an uncursed potion of gain energy A - an uncursed potion of extra healing Rings c - an uncursed ring of see invisible (on left hand) d - an uncursed ring of poison resistance (on right hand) Wands b - a wand of create monster (0:14) B - a wand of striking (0:0) Tools m - an uncursed bell v - 6 blessed tallow candles (0:200) w - a blessed partly used tallow candle (lit) (0:161) Spells and supernatural/magical abilities: Name Level Category Fail Memory a - force bolt 1 attack 0% 93% k - knock 1 matter 0% 93% W - pray for help -- divine ? -- Your skills at the end: Fighting Skills Weapon Skills quarterstaff [Basic] Spellcasting Skills attack spells [Basic] enchantment spells [Basic] Final Attributes: You were piously aligned. You were sleep resistant. You were poison resistant. You were magic-protected. You saw invisible. You had infravision. You are dead. Vanquished creatures: 2 gnome lords a gas spore a hobbit 5 gnomes a gnome zombie 3 geckos 3 jackals 2 foxes 4 grid bugs 3 lichens 2 newts 27 creatures vanquished. Voluntary challenges: You were an atheist. You used a wielded weapon 18 times, starting on turn 33. You read items or engraved 1 time, starting on turn 1. You never genocided any monsters. You never polymorphed an object. You never changed form. You used no wishes. You never split a pudding. You never wrote Elbereth's name. You never violated your personal moral code. Dungeon overview: The Dungeons of Doom: levels 1 to 4 Level 1 a fountain a long staircase Level 2 stairs to The Gnomish Mines Level 3 some fountains Level 4 some fountains, a sink The Gnomish Mines: Level 3 <- You were here stairs to The Dungeons of Doom History has recorded: On T:1 you entered the Dungeons of Doom to retrieve the Amulet of Yendor! On T:393 you reached level 2 of The Dungeons of Doom. On T:682 you reached level 3 of The Dungeons of Doom. On T:688 you advanced to experience level 2. On T:824 you reached level 4 of The Dungeons of Doom. On T:1362 you reached level 1 of The Gnomish Mines. On T:1391 you advanced to experience level 3. On T:1418 you advanced to experience level 4. Score breakdown: Gold: 307 ( 8465 points) Experience: 4 levels ( 9649 points) Exploration: 4 levels ( 8.33%) ( 7579 points) Discoveries: 2 items ( 0.72%) ( 2544 points) Valuables value: (no points given unless you survive) Artifact value: 0 ( 0 points) Variety of kills: 11 monsters ( 2.89%) ( 5097 points) Turncount: 1434 turns ( 0 points) Survival: died (score multiplied by 80%) Total score: 26667 Latest messages: The wand misses the dwarf. The wand hits the gnome! You kill the gnome! The wand misses the dwarf. You miss the dwarf. (2x) The dwarf wields a broad short sword! You miss the dwarf. (2x) The dwarf thrusts his broad short sword. The dwarf hits! You miss the dwarf. The wand misses the dwarf. The dwarf thrusts his broad short sword. The dwarf hits! The spell misses the dwarf. You miss the dwarf. The dwarf thrusts his broad short sword. The dwarf hits! You die... Final status: Goodbye Egbert the Wizard, killed by a dwarf... You died in The Gnomish Mines on dungeon level 3 with 26667 points, and 307 pieces of gold, after 1434 moves. You were level 4 with a maximum of 33 hit points when you died.